 Dungeon Crawl Stone Soup version 0.31-a0-174-g85c54bcb58 (webtiles) character file.

Game seed: 13357305823614262183

163 qw the Chopper (level 5, -2/32 HPs)
             Began as a Gargoyle Fighter on June 15, 2023.
             Killed by divine providence
             ... invoked by an orc priest
              (11 damage)
             ... on level 4 of the Dungeon.
             The game lasted 00:01:20 (2220 turns).

qw the Chopper (Gargoyle Fighter)                   Turns: 2220, Time: 00:01:20

Health: -2/32      AC: 19    Str: 22    XL:     5   Next: 44%
Magic:  0/5        EV:  8    Int: 14    God:
Gold:   59         SH:  4    Dex:  9    Spells: 4/4 levels left

rFire   . . .        Y - +0 war axe
rCold   . . .        c - +0 buckler
rNeg    + . .        q - +2 chain mail {Will+}
rPois   inf          (no helmet)
rElec   +            (no cloak)
rCorr   .            (no gloves)
SInv    .            (no boots)
Will    +....        e - amulet of guardian spirit Stlth
                     a - ring "Urudokeb" {*Slow +Blink Fly Int+6 Slay+3}
HPRegen 0.25/turn    n - +4 ring of protection
MPRegen 0.09/turn

%: slow self (1%), guardian spirit
@: flying
A: sickness immunity, AC +4, negative energy resistance 1, electricity
resistance, torment resistance 1, petrification resistance
a: Evoke Blink


You were on level 4 of the Dungeon.
You visited 1 branch of the dungeon, and saw 4 of its levels.

You collected 147 gold pieces.
You spent 88 gold pieces at shops.


Innate Abilities, Weirdness & Mutations

You are immune to sickness and miasma.
Your stone body is resilient. (AC +4)
You are immune to poison.
You resist negative energy. (rN+)
You are resistant to electric shocks. (rElec)
You are resistant to unholy torment.
You are immune to petrification.


   Skills:
 + Level 3.2 Fighting
 - Level 5.0 Axes
 - Level 3.2 Armour
 - Level 3.2 Shields


You had 4 spell levels left.
You didn't know any spells.
Your spell library was empty.

Inventory:

Hand Weapons
 r - a +0 flail
 Y - a +0 war axe (weapon)
Missiles
 m - 3 boomerangs (quivered)
Armour
 c - a +0 buckler (worn)
 q - a +2 chain mail of willpower (worn)
Jewellery
 a - the ring "Urudokeb" (left hand) {*Slow +Blink Fly Int+6 Slay+3}
   (You acquired it on level 1 of the Dungeon)

   [ring of intelligence]

   Int:       It affects your intelligence (+6).
   Slay:      It affects your accuracy & damage with ranged weapons and melee
   (+3).
   Fly:       It grants you flight.
   +Blink:    It lets you blink.
   *Slow:     It may slow you when you take damage.
 e - an amulet of guardian spirit (around neck)
 n - a +4 ring of protection (right hand)
Scrolls
 j - a scroll of identify
Potions
 d - 2 potions of might
 g - 3 potions of attraction
 h - a potion of curing {unknown}
 i - a potion of heal wounds
 k - a potion of mutation {unknown}
 l - a potion of enlightenment {unknown}

Dungeon Overview and Level Annotations

Branches:
Dungeon (4/15)
 Temple: D:4-7

Altars:
Cheibriados
Gozag

Shops:
D:1 *   D:2 *![((   D:4 *


Message History

The ufetubus barely misses you.
The ufetubus hits you but does no damage.
You closely miss the ufetubus.
The ufetubus is severely wounded.
The ufetubus hits you. The ufetubus closely misses you.
The orc priest begins to cast a cantrip, but forgets the words!
The ufetubus barely misses you.
The ufetubus hits you but does no damage.
You barely miss the ufetubus.
The ufetubus is severely wounded.
You block the ufetubus's attack.
The ufetubus hits you but does no damage. x2
The ufetubus barely misses you.
You slash the ufetubus!
You kill the ufetubus!
You miss something. You barely miss the orc priest.
Something hits you but does no damage. You block the orc priest's attack.
Your Axes skill increases to level 5!
You slash the orc priest!
The orc priest is almost dead.
You closely miss the quokka. You barely miss something.
The orc priest hits you but does no damage.
Something hits you but does no damage. The quokka barely misses you.
Something hits you but does no damage.
The orc priest mumbles some strange prayers to Beogh against you.
Beogh smites you!
You closely miss the orc priest.
The orc priest is almost dead.
You miss something. You closely miss the quokka.
The quokka bites you but does no damage.
The quokka barely misses you. Something hits you but does no damage.
The orc priest hits you with a +0 dagger.
You closely miss the orc priest.
The orc priest is almost dead.
You hit the quokka but do no damage. You slash something!
The quokka bites you but does no damage.
Something hits you.
The orc priest calls down the wrath of Beogh upon you.
Beogh smites you!
You die...

#.......
#......
###......
#$......#
#.......##+###
#?...%........
#..)...r......
#.....@{>.....
#......o......
#.....?.......
#.............
#####.#########
#.# #...#
#.#####...#
#.........#
#.....#...#


You could see an orc priest and a quokka.

Vanquished Creatures
  A jelly (D:3)
  Terence (D:3)
  2 adders
  2 ufetubi
  A dart slug (D:2)
  7 orcs
  10 bats
  6 endoplasms
  5 giant cockroaches
  7 goblins
  4 hobgoblins
  8 ball pythons
  8 frilled lizards
  5 kobolds
  A rat (D:2)
68 creatures vanquished.

Notes
Turn   | Place    | Note
-------+----------+-------------------------------------------
     0 | D:1      | qw the Gargoyle Fighter began the quest for the Orb.
     0 | D:1      | Reached XP level 1. HP: 14/14 MP: 1/1
     0 | D:1      | 0 ||| qw: Version: 0.2-a-29-g511e9b1
     0 | D:1      | 0 ||| qw: Game counter: 5371
     0 | D:1      | 0 ||| qw: Always use a shield: true
     0 | D:1      | 0 ||| qw: God list: Okawaru
     0 | D:1      | 0 ||| qw: Allow faded altars: false
     0 | D:1      | 0 ||| qw: Do Orc after D:15 true
     0 | D:1      | 0 ||| qw: Do second Lair branch before Depths: true
     0 | D:1      | 0 ||| qw: Lair rune preference: random
     0 | D:1      | 0 ||| qw: Plans: Normal, Zot:1-4, Slime:5, God:TSO, Crypt,
                  | Tomb, Abyss, Pan, Hells, Win
     0 | D:1      | 0 ||| PLANNING D:1-11
    59 | D:1      | Reached skill level 2 in Axes
   121 | D:1      | Found Wais's Assorted Antiques.
   123 | D:1      | 123 ||| Stepping ~*~*~tactically~*~*~ (stealth).
   133 | D:1      | 133 ||| SHOPLISTING cloak (99 gold, have 18).
   133 | D:1      | 133 ||| SHOPLISTING fuming cyan potion (19 gold, have 18).
   133 | D:1      | 133 ||| SHOPLISTING pair of boots (99 gold, have 18).
   133 | D:1      | 133 ||| SHOPLISTING scroll labelled BUSEJU DUKEJECK (22
                  | gold, have 18).
   133 | D:1      | 133 ||| SHOPLISTING scroll labelled SOEFIM CORPH (22 gold,
                  | have 18).
   133 | D:1      | 133 ||| SHOPLISTING scroll labelled SUECHI QEMEE (22 gold,
                  | have 18).
   180 | D:1      | Reached XP level 2. HP: 19/19 MP: 2/2
   451 | D:1      | Reached skill level 3 in Axes
   558 | D:1      | Reached XP level 3. HP: 23/23 MP: 3/3
   670 | D:1      | 670 ||| UPGRADING to amulet of guardian spirit.
   675 | D:1      | 675 ||| READING scroll labelled RICAEPAUTIGG.
   675 | D:1      | Identified a scroll of acquirement
   675 | D:1      | 675 ||| ACQUIRING ring "Urudokeb" {*Slow +Blink Fly Int+6
                  | Slay+3}
   675 | D:1      | Acquired the ring "Urudokeb" {*Slow +Blink Fly Int+6
                  | Slay+3}
   677 | D:1      | 677 ||| UPGRADING to ring "Urudokeb" {*Slow +Blink Fly
                  | Int+6 Slay+3}.
   678 | D:1      | 678 ||| READING scroll labelled BUSEJU DUKEJECK.
   679 | D:1      | 679 ||| READING scroll labelled ZIMPEP XEMPEA.
   744 | D:2      | 744 ||| Stepping ~*~*~tactically~*~*~ (hiding).
   781 | D:2      | 781 ||| Stepping ~*~*~tactically~*~*~ (stealth).
   827 | D:2      | Found Opuulad's Weapon Emporium.
   866 | D:2      | Found Ohithuoq's Distillery.
   881 | D:2      | 881 ||| BUYING potion of attraction (33 gold).
   881 | D:2      | Bought a potion of attraction for 33 gold pieces
   881 | D:2      | 881 ||| SHOPLISTING potion of cancellation (88 gold, have
                  | 74).
   881 | D:2      | 881 ||| BUYING potion of heal wounds (55 gold).
   881 | D:2      | Bought a potion of heal wounds for 55 gold pieces
   881 | D:2      | 881 ||| SHOPLISTING potion of heal wounds (55 gold, have
                  | 19).
   881 | D:2      | 881 ||| SHOPLISTING potion of magic (88 gold, have 19).
   881 | D:2      | 881 ||| SHOPLISTING potion of might (44 gold, have 19).
   925 | D:2      | Found Ximuem's General Store.
   932 | D:2      | 932 ||| SHOPLISTING +2 hat (192 gold, have 19).
   932 | D:2      | 932 ||| SHOPLISTING potion of heal wounds (60 gold, have
                  | 19).
   932 | D:2      | 932 ||| SHOPLISTING potion of mutation (96 gold, have 19).
   932 | D:2      | 932 ||| SHOPLISTING scroll of enchant armour (90 gold, have
                  | 19).
   947 | D:2      | Found Qemilemo's Antique Armour Shop.
  1001 | D:2      | 1001 ||| SHOPLISTING +4 skin of Zhor {*Englaciate rC+++
                  | SInv} (1529 gold, have 19).
  1001 | D:2      | 1001 ||| SHOPLISTING runed buckler (172 gold, have 19).
  1001 | D:2      | 1001 ||| SHOPLISTING shiny helmet (172 gold, have 19).
  1118 | D:2      | 1118 ||| DROPPING +0 club.
  1142 | D:2      | 1142 ||| DROPPING +0 whip.
  1148 | D:2      | Reached XP level 4. HP: 28/28 MP: 4/4
  1168 | D:2      | Found Jeucun's Weapon Emporium.
  1171 | D:2      | 1171 ||| SHOPLISTING +0 vampiric war axe (125 gold, have
                  | 19).
  1171 | D:2      | 1171 ||| SHOPLISTING +1 mace of protection (106 gold, have
                  | 19).
  1231 | D:2      | 1231 ||| READING scroll labelled OKISIWN HETAN.
  1261 | D:3      | Reached skill level 4 in Axes
  1711 | D:3      | Reached XP level 5. HP: 32/32 MP: 5/5
  1712 | D:3      | Noticed Terence
  1713 | D:3      | 1713 ||| Stepping ~*~*~tactically~*~*~ (stealth).
  1714 | D:3      | 1714 ||| Stepping ~*~*~tactically~*~*~ (stealth).
  1722 | D:3      | Killed Terence
  2040 | D:3      | Found a snail-covered altar of Cheibriados.
  2041 | D:3      | 2041 ||| DROPPING +0 mace.
  2056 | D:3      | 2056 ||| UPGRADING to +2 chain mail of willpower.
  2066 | D:3      | 2066 ||| DROPPING +0 scale mail.
  2067 | D:3      | 2067 ||| UPGRADING to +4 ring of protection.
  2068 | D:3      | 2068 ||| READING 2 scrolls labelled SOEFIM CORPH.
  2069 | D:3      | 2069 ||| READING scroll labelled PUL ANOGGEATWYNWI.
  2070 | D:3      | 2070 ||| READING scroll labelled SOZOYCWOIQ.
  2148 | D:4      | Found an opulent altar of Gozag.
  2162 | D:4      | Found Gozag's Platinum Reserve.
  2171 | D:4      | 2171 ||| SHOPLISTING +1 hat of the Comet {rC+ rN+} (2720
                  | gold, have 59).
  2171 | D:4      | 2171 ||| SHOPLISTING +5 ring mail of the Monk {Harm Fly
                  | Dex+4} (4650 gold, have 59).
  2218 | D:4      | Reached skill level 5 in Axes
  2220 | D:4      | Killed from afar by an orc priest

Levels and vault maps discovered:
D:1:      moated_graveyard_arrival, layout_loops_cross, serial_shops, shop,
          dk_noncrumbling_4
D:2:      layout_rooms, serial_shops, nicolae_shop_real_fake_doors,
          nicolae_shop_crystal, shop, shop, nicolae_shop_gibbet_a_chance
D:3:      layout_loops_cross, marbit_many_paths, uniq_terence
D:4:      layout_basic, nicolae_gozag_zags_fifth_avenue,
          mainiacjoe_overflow_brackets, elyvilon_altar_3,
          nicolae_overflow_hidden_temple

Skill      XL: |  1  2  3  4  5 |
---------------+----------------+-----
Axes           | 2 3 4 5 |  5.0
Fighting       | |  3.2
Armour         | |  3.2
Shields        | |  3.2

Action                     |  1- 3 |  4- 6 || total
---------------------------+-------+-------++-------
  Melee: War axe           |   105 |    51 ||   156
  Throw: Boomerang         |       |    14 ||    14
    Use: Scroll            |     3 |     4 ||     7
 Armour: Scale mail        |    32 |    13 ||    45
         Chain mail        |       |    20 ||    20
  Dodge: Dodged            |    44 |    27 ||    71
  Block: Buckler           |    18 |    10 ||    28

Table legend:
 A = Non-vault XP
 B = Vault XP
 C = Vault XP percentage of total XP
 D = Non-vault monster count
 E = Vault monster count
 F = Vault count percentage of total count
                 A         B        C        D         E       F
            +---------+---------+-------+---------+---------+-------
      Total |     194 |      39 |  16.7 |      66 |       2 |   2.9
            +---------+---------+-------+---------+---------+-------
        D:1 |      37 |       0 |   0.0 |      25 |       0 |   0.0
        D:2 |      45 |       0 |   0.0 |      19 |       0 |   0.0
        D:3 |      97 |      39 |  28.7 |      18 |       2 |  10.0
        D:4 |      15 |       0 |   0.0 |       4 |       0 |   0.0
            +---------+---------+-------+---------+---------+-------
